 Dungeon Crawl Stone Soup version 0.30-a0-329-g85436e0a43 (webtiles) character file.

Game seed: 5698154639389570473

85670 kthxbai the Arsonist (level 15, -5/140 HPs)
             Began as a Naga Ice Elementalist on Oct 28, 2022.
             Was an Initiate of Gozag.
             Slain by a spark wasp zombie (10 damage)
             ... on level 15 of the Dungeon.
             The game lasted 01:39:23 (27900 turns).

kthxbai the Arsonist (Naga Ice Elementalist)       Turns: 27900, Time: 01:39:24

Health: -5/140     AC: 23    Str: 14    XL:     15   Next: 84%
Magic:  21/39      EV:  9    Int: 42    God:    Gozag
Gold:   2480       SH:  0    Dex: 13    Spells: 14/35 levels left

rFire   . . .      SeeInvis +    w - +6 long sword of Syefy {flame, Will+ Int+2}
rCold   . . .      Faith    .    (no shield)
rNeg    + . .      Spirit   .    O - +0 swamp dragon scales
rPois   +          Reflect  .    S - +3 hat of Pondering {ponderous, Will+ MP+10 Int+5}
rElec   .          Harm     .    l - +0 cloak of Giasch {Str+3}
rCorr   +          Rampage  .    j - +1 pair of gloves of Vexation {Regen+ rCorr Int+3 Dex+2}
Will    ++++.                    n - +0 barding
Stlth   ++........               d - amulet "Fupsy" {+Blink rF- rN+ Regen+ Int+3}
HPRegen 2.03/turn                a - ring of the Princeling {rPois rF+ Will+ rCorr Slay+3}
MPRegen 0.26/turn                y - +6 ring of intelligence

@: hasted
A: AC +5, large, see invisible, deformed body, poison resistance, slowness 2,
spit poison 1, naga tail 2
a: Spit Poison, Renounce Religion, Evoke Blink, Potion Petition, Call Merchant,
Bribe Branch


You were on level 15 of the Dungeon.
You worshipped Gozag.
Gozag was most pleased with you.
You visited 4 branches of the dungeon, and saw 23 of its levels.
You also visited: Ossuary.

You collected 6701 gold pieces.
You spent 2628 gold pieces at shops.
You paid 1593 gold pieces to Gozag.

Inventory:

Hand Weapons
 w - the +6 long sword of Syefy (weapon) {flame, Will+ Int+2}
   (You took it off an orc knight on level 14 of the Dungeon)

   It burns those it strikes, dealing additional fire damage.
   Big, fiery blades are also staple armaments of hydra-hunters.
   Int:       It affects your intelligence (+2).
   Will:      It increases your willpower.
 U - a +5 scimitar of flaming
Armour
 j - the +1 pair of gloves of Vexation (worn) {Regen+ rCorr Int+3 Dex+2}
   (You bought it in a shop on level 9 of the Dungeon)

   Int:       It affects your intelligence (+3).
   Dex:       It affects your dexterity (+2).
   Regen:     It increases your rate of health regeneration.
   rCorr:     It protects you from acid and corrosion.
 l - the +0 cloak of Giasch (worn) {Str+3}
   (You bought it in a shop on level 2 of the Orcish Mines)

   Str:       It affects your strength (+3).
 n - a +0 barding (worn)
 z - an orb of mayhem
 D - a +0 tower shield
 O - +0 swamp dragon scales (worn)
 S - the +3 hat of Pondering (worn) {ponderous, Will+ MP+10 Int+5}
   (You took it off Gastronok on level 8 of the Dungeon)

   Int:       It affects your intelligence (+5).
   MP:        It affects your magic capacity (+10).
   Will:      It increases your willpower.
 V - a +0 buckler
Magical Staves
 c - a staff of cold
 H - a staff of poison
Jewellery
 a - the ring of the Princeling (left hand) {rPois rF+ Will+ rCorr Slay+3}
   (You acquired it on level 4 of the Lair of Beasts)

   [ring of willpower]

   Slay:      It affects your accuracy & damage with ranged weapons and melee
   (+3).
   rF:        It protects you from fire.
   rPois:     It protects you from poison.
   rCorr:     It protects you from acid and corrosion.
   Will:      It increases your willpower.
 d - the amulet "Fupsy" (around neck) {+Blink rF- rN+ Regen+ Int+3}
   (You bought it in a shop on level 3 of the Dungeon)

   [amulet of regeneration]

   Int:       It affects your intelligence (+3).
   rF:        It makes you vulnerable to fire.
   rN:        It protects you from negative energy.
   +Blink:    It lets you blink.
   Regen:     It increases your rate of health regeneration.
 y - a +6 ring of intelligence (right hand)
Wands
 r - a wand of digging (5)
 s - a wand of mindburst (15)
 u - a wand of roots (3)
 E - a wand of polymorph (3)
 Q - a wand of paralysis (7)
 T - a wand of flame (11)
Scrolls
 e - 13 scrolls of fear
 f - a scroll of magic mapping {unknown}
 k - 7 scrolls of teleportation
 o - 3 scrolls of identify
 q - 4 scrolls of immolation
 v - a scroll of poison
 B - 6 scrolls of butterflies
 I - a scroll of silence
 L - a scroll of summoning {unknown}
 R - 8 scrolls of enchant armour
 W - a scroll of blinking {unknown}
Potions
 b - 3 potions of magic
 g - a potion of mutation {unknown}
 h - 2 potions of resistance
 i - 3 potions of brilliance
 m - 3 potions of cancellation
 p - 5 potions of haste
 t - 9 potions of flight
 x - 7 potions of curing
 A - a potion of ambrosia {unknown}
 C - a potion of lignification
 F - a potion of invisibility {unknown}
 G - 2 potions of attraction
 J - a potion of berserk rage {unknown}
 K - 10 potions of might
 N - 9 potions of heal wounds
Miscellaneous
 M - a condenser vane
 P - a lightning rod (4/4)


   Skills:
 + Level 10.9 Fighting
 + Level 7.1 Long Blades
 + Level 8.1 Armour
 - Level 7.1 Dodging
 - Level 3.0 Stealth
 + Level 1.2 Shields
 + Level 10.7 Spellcasting
 + Level 9.9 Conjurations
 - Level 5.0 Transmutations
 + Level 11.5 Fire Magic
 * Level 10.4 Ice Magic


You had 14 spell levels left.
You knew the following spells:

 Your Spells              Type           Power      Damage    Failure   Level
a - Ozocubu's Refrigerat  Ice            41%        4d16      30%         7
b - Frozen Ramparts       Ice            100%       1d16      1%          3
c - Ozocubu's Armour      Ice            83%        N/A       1%          3
d - Searing Ray           Conj           100%       2d8       1%          2
e - Sticky Flame          Conj/Fire      85%        2d10      1%          4
f - Wereblood             Tmut           59%        N/A       1%          2

Your spell library contained the following spells:

 Spells                   Type           Power      Damage    Failure   Level
 Freeze                   Ice            100%       1d10      1%          1
 Magic Dart               Conj           100%       1d8       1%          1
 Ensorcelled Hibernation  Hex/Ice        100%       N/A       1%          2
 Passwall                 Tmut/Erth      35%        N/A       1%          2
 Hailstorm                Conj/Ice       82%        3d17      1%          3
 Inner Flame              Hex/Fire       63%        N/A       1%          3
 Stone Arrow              Conj/Erth      100%       3d13      1%          3
 Flame Wave               Conj/Fire      85%        2d18      1%          4
 Ice Form                 Ice/Tmut       72%        N/A       1%          4
 Sandblast                Erth           44%        2d11      2%          1
 Cigotuvi's Dreadful Rot  Necr/Pois/Air  44%        N/A       3%          2
 Fulminant Prism          Conj/Hex       29%        3d13      3%          4
 Summon Ice Beast         Ice/Summ       60%        N/A       3%          4
 Gell's Gravitas          Tloc           22%        N/A       8%          3
 Lesser Beckoning         Tloc           44%        N/A       8%          3
 Portal Projectile        Hex/Tloc       44%        N/A       8%          3
 Swiftness                Air            22%        N/A       8%          3
 Teleport Other           Tloc           22%        N/A       8%          3
 Tukima's Dance           Hex            22%        N/A       8%          3
 Vhi's Electric Charge    Tloc/Air       44%        N/A       8%          3
 Blade Hands              Tmut           29%        N/A       9%          5
 Arcjolt                  Conj/Air       29%        1d39      10%         5
 Dispel Undead            Necr           22%        3d12      26%         4
 Olgreb's Toxic Radiance  Pois           22%        N/A       26%         4
 Ignition                 Fire           44%        3d13      83%         8
 Death Channel            Necr           11%        N/A       98%         6
 Dispersal                Tloc           11%        N/A       98%         6
 Maxwell's Capacitive Co  Air            11%        ∞         100%        8
 Simulacrum               Ice/Necr       Unusable   N/A       N/A         6

Dungeon Overview and Level Annotations

Branches:
Dungeon (15/15)            Temple (1/1) D:6            Lair (5/5) D:9
 Shoals (0/4) Lair:2       Spider (0/4) Lair:3        Slime (0/5) Lair:5
    Orc (2/2) D:9             Elf (0/3) Orc:2        Vaults (0/5) D:14
 Depths (0/4) D:15        Ossuary (visited)

Altars:
Ashenzari
Cheibriados
Dithmenos
Elyvilon
Fedhas
Gozag
Hepliaklqana
Kikubaaqudgha
Makhleb
Nemelex Xobeh
Okawaru
Qazlal
Ru
Sif Muna
Trog
Uskayaw
Vehumet
Wu Jian
Xom
Yredelemnul
Zin
The Shining One
Jiyva

Shops:
D:2 *   D:3 [==   D:5 :   D:6 [==*(   D:9 :([   Orc:2 (([[(

Annotations:
D:8 1 runed translucent door, exclusion: oklob plant, Sapher's ghost, novice MeEE
D:10 4 transporters
D:11 3 runed translucent doors, Slobodan's ghost, journeyman OgRe
D:15 Nessos
Orc:2 exclusion: upstairs


Innate Abilities, Weirdness & Mutations

Your serpentine skin is tough. (AC +5)
You have supernaturally acute eyesight. (SInv)
Armour fits poorly on your strangely shaped body.
Your system is resistant to poisons. (rPois)
You cover ground very slowly.
You can spit poison.
You can use your snake-like lower body to constrict enemies.


Message History

The caustic shrike skeleton attacks as you move away!
The caustic shrike skeleton claws you but does no damage.
The glowing shapeshifter skeleton attacks as you move away!
The glowing shapeshifter skeleton hits you but does no damage.
The caustic shrike skeleton completely misses you. x2
The spark wasp zombie attacks as you move away!
The spark wasp zombie hits you!
The caustic shrike skeleton barely misses you.
The spark wasp zombie is distracted by your dazzling golden aura.
The caustic shrike skeleton claws you but does no damage.
The spark wasp zombie attacks as you move away!
The spark wasp zombie barely misses you.
The caustic shrike skeleton claws you.
The spark wasp zombie is no longer distracted by gold.
The caustic shrike skeleton claws you but does no damage.
The caustic shrike skeleton claws you!!
The caustic shrike skeleton claws you but does no damage.
The spark wasp zombie hits you but does no damage.
The caustic shrike skeleton barely misses you.
The spark wasp zombie attacks as you move away!
The spark wasp zombie hits you but does no damage.
The caustic shrike skeleton attacks as you move away!
The caustic shrike skeleton claws you!
* * * LOW HITPOINT WARNING * * *
The caustic shrike skeleton claws you.
* * * LOW HITPOINT WARNING * * *
The spark wasp zombie hits you.
* * * LOW HITPOINT WARNING * * *
The caustic shrike skeleton claws you.
* * * LOW HITPOINT WARNING * * *
Okay, then.
You feel yourself speed up. The spark wasp zombie hits you!
* * * LOW HITPOINT WARNING * * *
The caustic shrike skeleton claws you.
* * * LOW HITPOINT WARNING * * *
The skeletal warrior hits you from afar with a +0 glaive.
* * * LOW HITPOINT WARNING * * *
The spark wasp zombie hits you!
You die...
Your body crumbles into a pile of gold.

......# #........##..# .....##
#####........# ..# ....##
#............##..## ...##
#.####........##..# #. ...## #
#..........#...#.8z. ....# #
#.##.......#$$...... ....#
#..##.###........#...... ....#
........Z.......##.P....
<...#......~....@Zz.###..# ...z.8
....#......~...~≈Z~.##...# 8.....
....#.....~≈~~.~≈≈≈~........8Z.8.
..........§≈≈~≈≈≈≈≈≈.#.........Z.
.........~§≈≈≈~≈≈≈~..........8...
.......§.≈~§§≈≈≈≈~....#.......
.........≈≈≈≈≈≈~~....###.........
...).....~≈≈≈≈≈~.....# ....8..
.........~~§≈≈~.. .......


You could see a skeletal warrior, a spark wasp zombie, a glowing shapeshifter
skeleton and a caustic shrike skeleton.

Vanquished Creatures
  Kirke (D:15)
  Gastronok (D:8)
  Louise (D:14)
  Snorg (Orc:2)
  A rakshasa (D:14)
  5 hydras
  A vault guard (D:14)
  Erolcha (Orc:1)
  A catoblepas (Lair:3)
  7 centaur warriors
  10 two-headed ogres
  3 boulder beetles
  Erica (D:8)
  5 orc high priests
  2 tengu warriors
  3 death yaks (Lair:5)
  Nergalle (Orc:1)
  2 flayed ghosts
  4 skeletal warriors (D:15)
  2 orc knights
  2 deep elf pyromancers
  2 orc sorcerers (Orc:2)
  12 ugly things
  6 cyclopes
  Maurice (D:8)
  5 elephants (Lair:2)
  2 black mambas
  An unseen horror (D:11)
  Maggie (D:8)
  18 cane toads
  4 rime drakes
  3 tengu conjurers
  8 komodo dragons
  A yaktaur (D:14)
  3 freezing wraiths (D:14)
  2 ice devils (Orc:2)
  A polar bear (shapeshifter) (D:15)
  7 trolls
  4 tyrant leeches (Lair:5)
  A polar bear (Lair:5)
  Prince Ribbit (D:5)
  3 hornets
  19 blink frogs
  10 dream sheep (Lair:5)
  A centaur simulacrum (D:14)
  3 culicivoras (Lair:3)
  2 shadows
  A spriggan (shapeshifter) (D:14)
  2 wyverns
  A vampire (D:14)
  40 yaks
  5 basilisks
  4 hogs (D:15)
  A steam dragon (D:10)
  25 vampire mosquitoes
  2 wargs
  2 acid dragons
  8 water moccasins
  A sky beast (D:7)
  A black bear (D:5)
  28 orc warriors
  10 ogres
  11 centaurs
  10 wolves
  4 kobold brigands
  A phantom (D:4)
  5 gnoll sergeants
  14 bullfrogs
  7 scorpions
  2 necrophages
  6 howler monkeys
  3 electric eels
  3 centaur zombies (Ossuary)
  3 human zombies (Ossuary)
  33 orc priests
  5 hounds
  2 jellies
  2 scorpion zombies (Ossuary)
  5 iguanas
  31 orc wizards
  3 mummies (Ossuary)
  8 adders
  6 gnolls
  A shadow imp (D:7)
  A white imp (D:6)
  An ufetubus (D:4)
  A worm zombie (D:4)
  3 worms
  39 orcs
  2 bats
  8 endoplasms
  3 giant cockroaches
  2 gnoll zombies (Ossuary)
  4 goblins
  5 hobgoblins
  2 jackals (D:4)
  5 quokkas
  6 ball pythons
  5 frilled lizards
  2 goblin zombies (Ossuary)
  4 hobgoblin zombies (Ossuary)
  5 kobolds
  3 kobold zombies
  An orc zombie (Ossuary)
  4 rats
578 creatures vanquished.

Vanquished Creatures (others)
  A steam dragon (D:10)
  A bush (Lair:5)
  51 fungi
  180 plants
  16 toadstools (D:8)
  10 withered plants (D:15)
259 creatures vanquished.

Grand Total: 837 creatures vanquished

Notes
Turn   | Place    | Note
-------+----------+-------------------------------------------
     0 | D:1      | kthxbai the Naga Ice Elementalist began the quest for the
                  | Orb.
     0 | D:1      | Reached XP level 1. HP: 15/15 MP: 3/3
   222 | D:1      | Reached XP level 2. HP: 15/22 MP: 3/5
  1354 | D:1      | Reached XP level 3. HP: 28/28 MP: 2/6
  1358 | D:1      | Learned a level 3 spell: Frozen Ramparts
  1560 | D:2      | Found Faxeph's Assorted Antiques.
  1907 | D:2      | Learned a level 3 spell: Ozocubu's Armour
  2108 | D:3      | Found Ziabboid's Antique Armour Emporium.
  2124 | D:3      | Bought a runed robe for 103 gold pieces
  2225 | D:3      | Found Geropluc's Jewellery Shop.
  2226 | D:3      | Found Numidwinn's Jewellery Boutique.
  2233 | D:3      | Reached skill level 5 in Ice Magic
  2413 | D:3      | Reached XP level 4. HP: 36/36 MP: 8/8
  2766 | D:4      | Noticed a phantom
  2799 | D:4      | Noticed an ogre
  2808 | D:4      | Killed an ogre
  2809 | D:4      | Reached XP level 5. HP: 24/42 MP: 9/9
  2989 | D:4      | Learned a level 2 spell: Searing Ray
  3107 | D:4      | Found a sparkling altar of Nemelex Xobeh.
  3137 | D:4      | Found a sand-covered staircase.
  3179 | Ossuary  | Entered an ossuary
  3250 | Ossuary  | Reached skill level 1 in Conjurations
  3250 | Ossuary  | Reached XP level 6. HP: 43/50 MP: 11/11
  3367 | Ossuary  | Reached skill level 1 in Fighting
  3656 | Ossuary  | Reached XP level 7. HP: 57/57 MP: 12/12
  4226 | D:4      | Reached XP level 8. HP: 39/68 MP: 14/14
  5033 | D:4      | Learned a level 4 spell: Sticky Flame
  5034 | D:5      | Entered Level 5 of the Dungeon
  5037 | D:5      | Found Jiuce Xoritz's Book Shoppe.
  5208 | D:5      | Reached skill level 1 in Fire Magic
  5321 | D:5      | Noticed Prince Ribbit
  5347 | D:5      | Killed Prince Ribbit
  5348 | D:5      | Reached skill level 2 in Fire Magic
  5695 | D:6      | Found Ytexo's Jewellery Shop.
  5695 | D:6      | Found Ejepseh's Jewellery Shoppe.
  5884 | D:6      | Found Fyskeuki's Weapon Shop.
  6009 | D:6      | Found Uhodwuwe's Antique Armour Shop.
  6020 | D:6      | Found Dyupp's General Store.
  6101 | D:6      | Found a staircase to the Ecumenical Temple.
  6136 | Temple   | Entered the Ecumenical Temple
  6437 | Temple   | Became a worshipper of Gozag Ym Sagoz the Greedy
  6604 | D:6      | Reached skill level 3 in Fire Magic
  6713 | D:7      | Reached XP level 9. HP: 78/78 MP: 16/16
  6732 | D:7      | Reached skill level 5 in Spellcasting
  6924 | D:7      | Noticed a two-headed ogre
  6933 | D:7      | Killed a two-headed ogre
  6934 | D:7      | Reached skill level 4 in Fire Magic
  7047 | D:7      | Noticed a two-headed ogre
  7057 | D:7      | Killed a two-headed ogre
  7058 | D:7      | Reached skill level 5 in Conjurations
  7058 | D:7      | Reached skill level 5 in Fire Magic
  7692 | D:8      | Found a runed translucent door.
  7699 | D:8      | Noticed Sapher's ghost (novice MeEE)
  7729 | D:8      | Noticed a hornet
  7736 | D:8      | Reached XP level 10. HP: 87/87 MP: 18/18
  7748 | D:8      | Reached skill level 5 in Fighting
  7821 | D:8      | Noticed Maggie
  7837 | D:8      | Killed Maggie
  7838 | D:8      | Reached skill level 6 in Fire Magic
  7911 | D:5      | Bought the Atlas of Dislocated Shaping for 338 gold pieces
  7914 | D:5      | Learned a level 2 spell: Wereblood
  7982 | D:8      | Noticed Maurice
  7996 | D:8      | Killed Maurice
  8054 | D:8      | Found a burning altar of Makhleb.
  8120 | D:8      | Noticed Erica
  8139 | D:8      | Killed Erica
  8140 | D:8      | Reached skill level 5 in Dodging
  8140 | D:8      | Reached skill level 1 in Transmutations
  8213 | D:8      | Noticed Gastronok
  8226 | D:8      | Killed Gastronok
  8227 | D:8      | Reached skill level 7 in Fire Magic
  8227 | D:8      | Reached XP level 11. HP: 54/97 MP: 17/21
  8444 | D:8      | Found an ornate altar of the Wu Jian Council.
  8593 | D:8      | You fall into a shaft and drop 3 floors!
  8598 | D:11     | Noticed Slobodan's ghost (journeyman OgRe)
  8838 | D:10     | Entered Level 10 of the Dungeon
  8861 | D:10     | Reached skill level 1 in Armour
  8878 | D:10     | Found a shimmering altar of Xom.
  8947 | D:10     | Found a transporter.
  9022 | D:9      | Reached skill level 8 in Fire Magic
  9081 | D:9      | Noticed a two-headed ogre
  9091 | D:9      | Killed a two-headed ogre
  9360 | D:8      | Found a blossoming altar of Fedhas.
  9407 | D:8      | Noticed an oklob plant
  9686 | D:9      | Found a staircase to the Lair.
  9951 | D:9      | Found Xeox's Book Shoppe.
 10126 | D:9      | Found a staircase to the Orcish Mines.
 10746 | D:10     | Found a shimmering blue altar of Sif Muna.
 10991 | D:10     | Found a transporter.
 11086 | D:10     | Reached XP level 12. HP: 93/106 MP: 23/23
 11087 | D:10     | Found a transporter.
 11178 | D:10     | Found a transporter.
 11420 | Lair:1   | Entered Level 1 of the Lair of Beasts
 11727 | D:3      | Bought the amulet "Fupsy" {+Blink rF- rN+ Regen+ Int+3} for
                  | 665 gold pieces
 13059 | Lair:2   | Noticed a seven-headed hydra
 13069 | Lair:2   | Killed a four-headed hydra
 13070 | Lair:2   | Reached skill level 5 in Transmutations
 13115 | Lair:2   | Found a staircase to the Shoals.
 13185 | Lair:2   | Noticed a six-headed hydra
 13193 | Lair:2   | Killed a four-headed hydra
 13194 | Lair:2   | Reached skill level 9 in Fire Magic
 13604 | Lair:3   | Noticed a four-headed hydra
 13612 | Lair:3   | Killed a three-headed hydra
 13615 | Lair:3   | Reached skill level 5 in Armour
 13891 | Lair:3   | Gained mutation: You can use your snake-like lower body to
                  | constrict enemies. [Naga growth]
 13891 | Lair:3   | Reached XP level 13. HP: 103/117 MP: 25/25
 14212 | Lair:3   | Reached skill level 10 in Ice Magic
 14600 | Lair:3   | Found a hole to the Spider Nest.
 15109 | Lair:4   | Identified 2 scrolls of acquirement
 15110 | Lair:4   | Acquired the +9 chain mail "Peutz" {rPois rCorr Int+3}
 15759 | Lair:4   | Acquired the ring of the Princeling {rPois rF+ Will+ rCorr
                  | Slay+3}
 15817 | Lair:5   | Entered Level 5 of the Lair of Beasts
 15916 | Lair:5   | Found a viscous altar of Jiyva.
 15916 | Lair:5   | Found a staircase to the Slime Pits.
 15989 | Lair:5   | Reached skill level 1 in Long Blades
 16568 | Lair:5   | Reached skill level 10 in Fire Magic
 16719 | Lair:5   | Reached XP level 14. HP: 98/127 MP: 13/27
 17064 | Lair:5   | Identified the +3 mace of Xamopiast {vamp, Str+3 Dex+4}
 17883 | D:9      | Bought the +1 pair of gloves of Vexation {Regen+ rCorr
                  | Int+3 Dex+2} for 586 gold pieces
 17937 | Orc:1    | Entered Level 1 of the Orcish Mines
 17937 | Orc:1    | Noticed Erolcha
 17951 | Orc:1    | Noticed Snorg
 17951 | Orc:1    | Noticed Nergalle
 17957 | Orc:2    | Entered Level 2 of the Orcish Mines
 18089 | Orc:2    | Killed Snorg
 18219 | Orc:1    | Killed Nergalle
 18509 | Orc:1    | Killed Erolcha
 19213 | Orc:2    | Found Gyseq's Antique Weapon Shop.
 19283 | Orc:1    | Noticed an orc warlord
 19527 | Orc:2    | Bought a jewelled long sword for 255 gold pieces
 19527 | Orc:2    | Identified the +1 long sword "Beastbane" {pain, rPois rCorr
                  | Str+5 Dex-4} (You bought it in a shop on level 2 of the
                  | Orcish Mines)
 19584 | Orc:2    | Reached skill level 5 in Long Blades
 19757 | Orc:2    | Found a staircase to the Elven Halls.
 20083 | Orc:2    | Found Mibucozate's Weapon Shop.
 20084 | Orc:2    | Found Otsof's Weapon Shop.
 20085 | Orc:2    | Found Xatsishe's Armour Boutique.
 20089 | Orc:2    | Found Becaddifi's Armour Boutique.
 20095 | Orc:2    | Bought the +0 cloak of Giasch {Str+3} for 213 gold pieces
 21841 | D:11     | Found a runed translucent gate.
 21843 | D:11     | Found a runed translucent gate.
 21846 | D:11     | Found a runed translucent gate.
 22213 | D:12     | Identified the +0 pair of boots "Ungynyve" {Will+}
 22285 | D:12     | Reached skill level 10 in Fighting
 23404 | D:9      | Bought a glowing demon blade for 468 gold pieces
 23990 | D:13     | Reached skill level 10 in Spellcasting
 24072 | D:13     | Identified the +7 arbalest of the Coward {speed, +Blink
                  | Str+3}
 24551 | D:14     | Reached XP level 15. HP: 138/138 MP: 29/29
 24756 | D:14     | Reached skill level 11 in Fire Magic
 24788 | D:14     | Noticed Louise
 24798 | D:14     | Killed Louise
 25274 | D:14     | Identified the +6 long sword of Syefy {flame, Will+ Int+2}
 26645 | D:14     | Found a gate to the Vaults.
 26841 | D:14     | Learned a level 7 spell: Ozocubu's Refrigeration
 26880 | D:15     | Entered Level 15 of the Dungeon
 26933 | D:15     | Noticed Nessos
 27642 | D:15     | Noticed Kirke
 27660 | D:15     | Killed Kirke
 27764 | D:15     | Reached skill level 1 in Shields
 27872 | D:15     | Found a staircase to the Depths.
 27900 | D:15     | HP: 5/140 [skeletal warrior/+0 glaive (5)]
 27900 | D:15     | Slain by a spark wasp zombie

Illustrated notes

Levels and vault maps discovered:
D:1:      shiori_angband_town, layout_loops_corners
D:2:      layout_rooms, serial_shops, shop, st_stairs_7
D:3:      layout_basic, serial_shops, shop, nicolae_shop_overgrown_old_shop,
          shop
D:4:      layout_cave_pods, mainiacjoe_overflow_tiny_flanked, enter_ossuary_3,
          minmay_misc_feat_tower
D:5:      layout_cave_pools, serial_shops, nicolae_shop_hallway_plus,
          uniq_prince_ribbit1
D:6:      layout_rooms, minmay_temple_entry_mist, serial_shops,
          nicolae_shop_behind_doors, nicolae_shop_behind_doors,
          nicolae_stop_n_shop_1, shop, nicolae_shop_statue_plus
D:7:      layout_cave_pools
D:8:      layout_cave_pools, mainiacjoe_overflow_24_doors,
          makhleb_blood_cavern_becter, tgw_fedhas,
          ebering_ghost_reflecting_pool, nicolae_zen_rock_garden,
          minmay_lizard_king, uniq_erica, uniq_maurice, uniq_maggie,
          uniq_gastronok
D:9:      layout_cave_pods, erik_lair_island,
          kennysheep_orc_monster_closet_entryway, serial_shops,
          nicolae_shop_waterfront
D:10:     layout_roguey, mainiacjoe_overflow_large_starburst,
          nicolae_transporter_intersection
D:11:     layout_loops_ring, maelrawn_ghost_gauntlet_escape,
          kennysheep_generic_room_13
D:12:     layout_basic
D:13:     layout_stronghold, hangedman_decor_diamond_cutter,
          nicolae_kite_square_tiling_tiny
D:14:     minmay_the_grid_triangle_9x9_recursive_2
          [minmay_the_grid_triangle_9x9_prize_center,
          minmay_the_grid_triangle_9x9_limited_checkers,
          minmay_the_grid_triangle_9x9_zippers_vertical,
          minmay_the_grid_triangle_9x9_shrine], layout_loops_corners,
          david_vaults_5, chequers_serial_rivers_marsh, gauntlet_entry_generic,
          uniq_louise
D:15:     gammafunk_depths_entry_grave, layout_cave_pods,
          minmay_misc_feat_columns, corexii_hall_statues_x, minmay_door_square,
          hex_large, lemuel_old_faithful, uniq_kirke, uniq_nessos
Temple:   minmay_temple_bridge_d
Lair:1:   layout_roguey
Lair:2:   layout_loops_ring, minmay_shoals_entry_centaurs
Lair:3:   layout_chaotic_city, hellmonk_spider_entry_life_and_decay,
          serial_bayou_pond_b
Lair:4:   layout_loops_ring, serial_forest, infiniplex_forest_end_1,
          infiniplex_forest_lined_ring, infiniplex_forest_lined_corner,
          infiniplex_forest_straight_3, infiniplex_forest_lined_room_,
          infiniplex_forest_side_room, infiniplex_forest_clump_diagonal,
          infiniplex_forest_clump_tiny, infiniplex_forest_clump_C,
          infiniplex_forest_lined_room_2
Lair:5:   minmay_lair_end_frog_pond, layout_gridlike, dpeg_slime_entry_corner,
          serial_forest, infiniplex_forest_lined_room_3,
          infiniplex_forest_lined_corner, infiniplex_forest_clump_tiny,
          infiniplex_forest_straight_3, infiniplex_forest_lined_corner,
          infiniplex_forest_diagonal, dreamdust_mushroom_princess
Orc:1:    layout_caves, uniq_snorg, uniq_nergalle, uniq_erolcha
Orc:2:    st_orc_mages, layout_diamond_mine, portal_ice_cave_demonic_guard,
          serial_shops, nicolae_shop_hallway_stairs

Skill      XL: |  1  2  3  4  5  6  7  8  9 10 11 12 13 14 15 |
---------------+----------------------------------------------+-----
Ice Magic      | 5 6 7 8 9 10 | 10.4
Spellcasting   | 3 4 5 6 7 8 9 10 | 10.7
Conjurations   | 1 2 3 4 5 6 7 9 |  9.9
Fighting       | 1 2 3 4 5 6 7 8 10 | 10.9
Dodging        | 2 3 4 5 6 7 |  7.1
Fire Magic     | 3 5 7 8 9 10 11 | 11.5
Transmutations | 2 4 5 |  5.0
Armour         | 3 5 6 7 8 |  8.1
Long Blades    | 3 5 7 |  7.1
Shields        | 1 |  1.2
Stealth        | |  3.0

Action                   |  1- 3 |  4- 6 |  7- 9 | 10-12 | 13-15 || total
-------------------------+-------+-------+-------+-------+-------++-------
Melee: Unarmed           |     1 |       |       |       |       ||     1
       Dagger            |    16 |       |       |       |       ||    16
       Mace              |    12 |       |       |       |       ||    12
       Scimitar          |     6 |     6 |    70 |   203 |   440 ||   725
       Short sword       |       |   141 |       |       |       ||   141
       Punch             |       |     2 |       |     3 |     8 ||    13
       Broad axe         |       |       |    33 |       |       ||    33
       Spear             |       |       |     6 |    15 |       ||    21
       Constrict         |       |       |       |       |   145 ||   145
       Long sword        |       |       |       |       |    42 ||    42
       Staff             |       |       |       |       |     4 ||     4
 Cast: Freeze            |    52 |     6 |       |       |       ||    58
       Frozen Ramparts   |     2 |    13 |    37 |    64 |   129 ||   245
       Ozocubu's Armour  |       |    10 |    29 |    43 |    74 ||   156
       Searing Ray       |       |     2 |     4 |    10 |    15 ||    31
       Sticky Flame      |       |       |     2 |    30 |   117 ||   149
       Wereblood         |       |       |       |    14 |    19 ||    33
Invok: Call Merchant     |       |       |       |       |     2 ||     2
Evoke: Wand              |       |       |       |       |     1 ||     1
  Use: Scroll            |       |     4 |    10 |     4 |    16 ||    34
       Potion            |       |       |       |       |     1 ||     1
 Stab: Sleeping          |     1 |       |     2 |       |       ||     3
       Distracted        |       |       |       |     2 |     4 ||     6
Armor: Robe              |    20 |   110 |   132 |   110 |       ||   372
       Swamp dragon scal |       |       |       |   146 |   708 ||   854
Dodge: Dodged            |    34 |    69 |    67 |   127 |   397 ||   694

Table legend: (Time is in decaauts)
 A = Elapsed time spent in this place.
 B = Non-inter-level travel time spent in this place.
 C = Inter-level travel time spent in this place.
 D = Time resting spent in this place.
 E = Time spent auto-exploring this place.
 F = Levels seen in this place.
 G = Mean time per level.
                   A        B        C        D        E       F      G
               +--------+--------+--------+--------+--------+-----+--------+
         Total |  35825 |  33080 |   2745 |   4107 |  20188 |  24 | 1492.7 |
       Dungeon |  22183 |  20274 |   1909 |   1843 |  13997 |  15 | 1478.9 |
        Temple |    523 |    315 |    208 |      0 |    299 |   1 |  523.0 |
          Lair |   7981 |   7642 |    339 |    694 |   4716 |   5 | 1596.2 |
  Orcish Mines |   4133 |   3846 |    287 |   1569 |    686 |   2 | 2066.5 |
       Ossuary |   1003 |   1003 |      0 |      0 |    489 |   1 | 1003.0 |
               +--------+--------+--------+--------+--------+-----+--------+

Top non-repeatable levels by time:
   Orc:2: 3380 daAuts
    D:14: 3315 daAuts
     D:9: 2512 daAuts
  Lair:5: 2479 daAuts
     D:1: 1921 daAuts
     D:4: 1893 daAuts
  Lair:3: 1725 daAuts
    D:12: 1624 daAuts
     D:8: 1619 daAuts
  Lair:2: 1451 daAuts
    D:13: 1337 daAuts
    D:11: 1320 daAuts
  Lair:4: 1214 daAuts
    D:10: 1195 daAuts
     D:7: 1187 daAuts
